Selects Australian Defense Battlegroup
Selects Australian Defense Battlegroup
Selects Australian Light Infantry Section
Australian Light Infantry Section
Australian Light Infantry Section
Construct Section Command Post
Australian Light Infantry Section
Selects 2-pounder Anti-tank Gun Team
Selects CMP 15cwt Supply Run
Construct Platoon Command Post
2-pounder Anti-tank Gun Team
Selects Reinforced Resource Caches
2-pounder Anti-tank Gun Team
Australian Light Infantry Section